 Dungeon Crawl Stone Soup version 0.16-a0-3171-gce70061 (webtiles) character file.

2158 Ololoev the Cudgeler (level 9, -3/63 HPs)
             Began as a Mummy Chaos Knight on Dec 16, 2014.
             Was a Plaything of Xom.
             Slain by a catoblepas (29 damage)
             ... on level 8 of the Dungeon.
             The game lasted 00:21:50 (8160 turns).

Ololoev the Cudgeler (Mummy Chaos Knight)           Turns: 8160, Time: 00:21:50

Health: -3/63      AC:  9    Str: 18    XL:     9   Next: 10%
Magic:  18/18      EV:  7    Int: 11    God:    Xom [.....*]
Gold:   1044       SH:  0    Dex: 11    Spells: 0 memorised, 8 levels left

rFire  x . .     SeeInvis +     n - +3 morningstar (vamp)
rCold  + . .     Clarity  .     m - +1 chain mail
rNeg   + + +     SustAb   .     (no shield)
rPois  ∞         Gourm    .     h - +0 hat {SInv}
rElec  .         Spirit   .     (no cloak)
rCorr  .         Warding  .     (no gloves)
rMut   .         Stasis   .     (no boots)
MR     +....                    j - amulet of regeneration
Stlth  ..........               (no ring)
                                a - ring of invisibility

@: somewhat resistant to hostile enchantments, extremely unstealthy
A: no food or potions, fire vulnerability, restore body, cold resistance 1,
negative energy resistance 3, poison resistance, torment resistance, unbreathing
a: Renounce Religion, Evoke Invisibility


You were on level 8 of the Dungeon.
You worshipped Xom.
You were Xom's teddy bear.
You were not hungry.

You visited 2 branches of the dungeon, and saw 9 of its levels.
You also visited: Ossuary.

You collected 1044 gold pieces.

Notes
Turn   | Place    | Note
--------------------------------------------------------------
     0 | D:1      | Ololoev, the Mummy Chaos Knight, began the quest for the Orb.
     0 | D:1      | Reached XP level 1. HP: 18/18 MP: 1/1
   360 | D:1      | Reached XP level 2. HP: 22/24 MP: 2/2
   675 | D:1      | XOM: harmless Hex miscast
   964 | D:2      | XOM: harmless Chrm miscast
  1009 | D:2      | Reached XP level 3. HP: 26/29 MP: 3/3
  1091 | D:2      | XOM: smoke on damage
  1582 | D:3      | XOM: harmless Necr miscast
  1595 | D:3      | XOM: harmless Divn miscast
  1702 | D:3      | XOM: silly message
  1788 | D:3      | Reached XP level 4. HP: 32/35 MP: 4/4
  1842 | D:3      | XOM: mild Summ miscast
  1906 | D:3      | XOM: noise
  2208 | D:3      | Reached skill level 1 in Maces & Flails
  2210 | D:3      | Reached XP level 5. HP: 38/41 MP: 5/5
  2248 | D:4      | XOM: summons 2 hostile demons
  2435 | D:3      | XOM: mild Tloc miscast
  2492 | D:4      | XOM: harmless Summ miscast
  2641 | D:4      | Found a sacrificial altar of Ru.
  2784 | D:4      | Noticed a phantom
  2803 | D:4      | Killed a phantom
  2803 | D:4      | Reached skill level 1 in Evocations
  2803 | D:4      | Reached XP level 6. HP: 37/47 MP: 5/7
  3030 | D:4      | Found a white marble altar of Elyvilon.
  3116 | D:4      | XOM: potion effect (might)
  3226 | D:4      | Noticed an ogre
  3236 | D:4      | Killed an ogre
  3473 | D:4      | XOM: mild Erth miscast
  3578 | D:4      | XOM: god gift: scroll labeled PRIL SUICH
  3582 | D:5      | Entered Level 5 of the Dungeon
  3603 | D:5      | Reached XP level 7. HP: 52/52 MP: 10/10
  3764 | D:5      | XOM: butterfly on damage
  3776 | D:5      | XOM: smoke on damage
  3778 | D:5      | Reached skill level 4 in Maces & Flails
  3899 | D:5      | XOM: divination: detect creatures
  4058 | D:5      | XOM: smoke on damage
  4082 | D:5      | XOM: divination: detect creatures
  4127 | D:5      | XOM: colour smoke trail
  4328 | D:5      | XOM: silly message
  4405 | D:5      | Got an opalescent robe
  4417 | D:5      | Identified the cursed -5 robe of Context {+Inv rF+} (You found it on level 5 of the Dungeon)
  4534 | D:6      | XOM: potion effect (heal wounds)
  4599 | D:6      | Found a sand-covered staircase.
  4610 | Ossuary  | XOM: stealth player
  4610 | Ossuary  | Entered an ossuary
  4610 | Ossuary  | Noticed a wraith
  4610 | Ossuary  | Noticed a wraith
  4610 | Ossuary  | Noticed a wraith
  4658 | Ossuary  | XOM: harmless Erth miscast
  4853 | Ossuary  | Noticed a wraith
  4861 | Ossuary  | XOM: confuse monster(s)
  4874 | Ossuary  | XOM: enchant monster (good)
  4877 | Ossuary  | XOM: god gift: 630 gold pieces
  4889 | Ossuary  | Killed a wraith
  4889 | Ossuary  | Reached skill level 5 in Maces & Flails
  4889 | Ossuary  | Reached XP level 8. HP: 56/58 MP: 14/14
  5004 | D:6      | Reached skill level 5 in Evocations
  5544 | D:6      | XOM: silly message
  5648 | D:6      | Found a staircase to the Ecumenical Temple.
  5715 | D:5      | XOM: harmless Chrm miscast
  5922 | D:6      | XOM: butterfly on damage
  6052 | D:5      | XOM: harmless Chrm miscast
  6164 | D:5      | XOM: noise
  6176 | D:5      | XOM: noise
  6279 | Temple   | Entered the Ecumenical Temple
  6624 | D:6      | Reached skill level 6 in Evocations
  6750 | D:6      | Noticed Blork the orc
  6756 | D:6      | Killed Blork the orc
  6766 | D:6      | XOM: medium Tloc miscast
  6881 | D:6      | XOM: noise
  6975 | D:6      | XOM: god gift: 6 meat rations
  7655 | D:7      | XOM: medium Tloc miscast
  7685 | D:7      | XOM: divination: detect creatures
  7773 | D:7      | Reached XP level 9. HP: 63/63 MP: 18/18
  7832 | D:7      | XOM: god gift: dented brass amulet {god gift}
  7949 | D:7      | Found a blossoming altar of Fedhas.
  8060 | D:8      | XOM: stealth player
  8137 | D:8      | Noticed a catoblepas
  8160 | D:8      | XOM: divination: detect items
  8160 | D:8      | Slain by a catoblepas

Inventory:

Hand weapons
 n - a +3 vampiric morningstar (weapon)
Armour
 h - a +0 hat of see invisible (worn)
 m - a +1 chain mail (worn)
Jewellery
 a - a ring of invisibility (left hand)
 j - an amulet of regeneration (around neck)
Magical devices
 b - a wand of teleportation (3)
 d - a wand of enslavement (8)
Scrolls
 c - 3 scrolls of recharging
 e - 2 scrolls of fear
 g - a scroll of magic mapping
 i - 2 scrolls of enchant armour
 k - 3 scrolls of remove curse
 l - a scroll of immolation {unknown}
 o - 4 scrolls of teleportation

Table legend:
 A = Turns spent in this place as a percentage of turns spent in the entire game.
 B = Non-inter-level travel turns spent in this place as a percentage of non-inter-level travel turns spent in the entire game.
 C = Inter-level travel turns spent in this place as a percentage of turns spent in this place.
 D = Turns resting spent in this place as a percentage of non-inter-level travel turns spent in this place.
 E = Turns spent auto-exploring this place as a percentage of non-inter-level travel turns spent in this place.
 F = Non-inter-level travel turns spent in this place divided by the number of levels of this place that you've seen.
                   A       B       C       D       E      F
               +-------+-------+-------+-------+-------+----------------------
         Total | 100.0 | 100.0 |   0.4 |   4.4 |   8.9 | 279.5
       Dungeon |  92.0 |  91.9 |   0.4 |   4.5 |   9.5 | 321.2
        Temple |   0.1 |   0.1 |   0.0 | 100.0 |   0.0 |   4.0
       Ossuary |   7.9 |   7.9 |   0.0 |   2.3 |   2.3 | 221.0
               +-------+-------+-------+-------+-------+----------------------


   Skills:
 - Level 3.0 Fighting
   Level 3.9 Long Blades
 * Level 6.9 Maces & Flails
 - Level 2.5 Armour
 - Level 0.7 Dodging
 + Level 6.6 Evocations


You had 8 spell levels left.
You didn't know any spells.

Dungeon Overview and Level Annotations

Branches:
Dungeon (8/15)             Temple (1/1) D:6
   Lair: D:8-11

Altars:
Elyvilon
Fedhas
Ru


Innate Abilities, Weirdness & Mutations

You do not eat or drink.
Your flesh is vulnerable to fire.
Your flesh is cold resistant.
You are immune to negative energy.
Your system is resistant to poisons.
You are immune to unholy pain and torment.
You can survive without breathing.


Message History

Found a silvery potion.
A bat is nearby!
A bat is nearby!
A bat is nearby!
The bat completely misses you.
You closely miss the bat. The bat hits you but does no damage.
You closely miss the bat. The bat hits you but does no damage.
The bat barely misses you.
You puncture the bat!
You kill the bat!
No target in view!
No target in view!
No target in view!
No target in view!
A catoblepas comes into view.
The catoblepas bellows!
The catoblepas breathes a plume of calcifying dust at you.
The blast of calcifying dust hits you!
You're standing in a cloud of calcifying dust!
Evoke which item? (* to show all) (? for menu, Esc to quit)
Okay, then.
You start waiting.
You hit the catoblepas but do no damage.
The catoblepas breathes a plume of calcifying dust at you.
The blast of calcifying dust hits you! The catoblepas gores you!
You hit the catoblepas.
You feel better.
The catoblepas is lightly wounded.
The catoblepas gores you!
You sock the catoblepas!
You feel better.
The catoblepas is moderately wounded.
The catoblepas gores you!!
You hit the catoblepas.
The catoblepas is moderately wounded.
You hit the catoblepas but do no damage.
The catoblepas is moderately wounded.
Xom smirks.
You detect items!
The catoblepas gores you!!
You die...
Xom giggles madly!

##..........................#
........# ###.....####......#
#.....# #................#
#...<.# #>.......###....##
#...†#####.......## ######
#.#.#..........(##
#......######....# #.#..###
##...### #..... ##@...# ∆
..#.#. #Y##.# ...#.
#..#.######... .... ###
##.#.......... .
...######........#...
#........#.####.... .
#.....#.....# ###
...#....§......#
#......#.#.##.#


You could see a catoblepas.

Table legend:
 A = Kills in this place as a percentage of kills in entire the game.
 B = Kills by you in this place as a percentage of kills by you in the entire game.
 C = Kills by friends in this place as a percentage of kills by friends in the entire game.
 D = Other kills in this place as a percentage of other kills in the entire game.
 E = Experience gained in this place as a percentage of experience gained in the entire game.
 F = Experience gained in this place divided by the number of levels of this place that you have seen.
                   A       B       C       D       E      F
               +-------+-------+-------+-------+-------+----------------------
         Total | 100.0 | 100.0 |  -nan |  -nan | 100.0 | 308.3
       Dungeon |  86.3 |  86.3 |  -nan |  -nan |  91.6 | 352.9
       Ossuary |  13.7 |  13.7 |  -nan |  -nan |   8.4 | 260.0
               +-------+-------+-------+-------+-------+----------------------

Vanquished Creatures
  A wraith (Ossuary)
  A centaur (D:6)
  2 sky beasts
  2 ogres
  A necrophage (D:6)
  A phantom (D:4)
  Blork the orc (D:6)
  3 scorpions
  2 crimson imps
  A jelly (D:5)
  3 goliath beetles (D:6)
  A giant frog zombie (D:6)
  6 orc wizards
  A quasit (D:7)
  6 orc priests
  5 hounds
  2 giant frog skeletons
  An iron imp (D:3)
  A worker ant (D:5)
  2 iguanas
  2 mummies
  7 adders
  3 gnolls (D:5)
  A shadow imp (D:5)
  3 worms
  19 orcs
  17 bats
  A bat skeleton (D:4)
  A bat zombie (D:6)
  4 giant cockroaches
  12 goblins
  12 hobgoblins
  3 jackals (D:5)
  13 kobolds
  2 quokkas
  2 ball pythons (D:1)
  5 giant geckos
  A giant gecko skeleton (D:4)
  6 giant newts
  8 gnoll skeletons (Ossuary)
  A hobgoblin zombie (D:6)
  A jackal zombie (D:5)
  6 kobold skeletons (Ossuary)
  11 orc skeletons (Ossuary)
  An orc zombie (D:6)
  A quokka zombie (D:5)
  12 rats
198 creatures vanquished.

Vanquished Creatures (others)
  A giant gecko (D:4)
  A butterfly (D:5)
2 creatures vanquished.

Grand Total: 200 creatures vanquished

Action                   |  1- 3 |  4- 6 |  7- 9 || total
-------------------------+-------+-------+-------++-------
Melee: Falchion          |   150 |    24 |       ||   174
       Dagger            |       |    47 |       ||    47
       Morningstar       |       |    81 |   495 ||   576
 Abil: Evoke Invisibilit |       |     1 |     2 ||     3
  Use: Scroll            |       |     7 |     8 ||    15
 Stab: Paralysed         |       |     5 |       ||     5
       Confused          |       |       |     1 ||     1

Vault maps used:
D:1:      grunt_arrival_crossed_arrows
D:3:      lightli_corner_chamber
D:4:      elyvilon_altar_4, nicolae_ru_sacrificial_ziggurat
D:5:      first_bread, minmay_misc_feat_encased
D:6:      minmay_temple_entry_junction2, serial_glass, glass_columns_a,
          glass_columns_a, nicolae_ossuary_entry_giza, uniq_blork_the_orc
D:7:      basic_altar
Temple:   kilobyte_greek_temple_18
Ossuary:  ossuary_due_mausoleum
